[Event "42nd Olympiad Baku 2016 Open"]
[Site "Baku"]
[Date "2016.09.06"]
[Round "5.22"]
[White "Pancevski, Filip"]
[Black "Cori, Jorge"]
[Result "0-1"]
[ECO "B52"]
[WhiteElo "2503"]
[BlackElo "2609"]
[Annotator ""]
[PlyCount "167"]
[EventDate "2016.??.??"]
[EventType "team-tourn"]
[EventCountry "AZE"]
[SourceTitle "playchess.com"]
[Source "ChessBase"]
[WhiteTeam "Macedonia"]
[BlackTeam "Peru"]
[WhiteTeamCountry "MKD"]
[BlackTeamCountry "PER"]
[TimeControl "40/5400+30:1800+30"]

1. e4 c5 {(00:00)} 2. Nf3 {(00:00)} d6 {(00:00)} 3. Bb5+ {
(00:00)} Bd7 {(00:00)} 4. Bxd7+ {(00:00)} Qxd7 {(
00:00)} 5. c4 {(00:14)} g6 {(00:06)} 6. Nc3 {(00:14)} Bg7
{(00:04)} 7. d4 {(00:10)} cxd4 {(00:05)} 8. Nxd4 {(
00:04)} Nf6 {(00:05)} 9. f3 {(01:18)} O-O {(00:41)} 10.
Bg5 {(03:41)} Nc6 {(01:26)} 11. Nde2 {(00:12)} Rfc8 {
(11:04)} 12. O-O {(02:56)} a6 {(02:33)} 13. a4 {(
04:54)} h6 {(08:50)} 14. Bh4 {(06:01)} Qd8 {(01:27)} 15.
Kh1 {(02:39)} Nd7 {(04:34)} 16. b3 {(06:26)} Nc5 {(
01:27)} 17. Rb1 {(00:40)} Rab8 {(12:32)} 18. Qd2 {(03:11)}
g5 {(06:21)} 19. Bf2 {(01:06)} Ne5 {(00:07)} 20. Be3 {
(04:53)} Qd7 {(02:25)} 21. Nd4 {(04:16)} e6 {(07:
25)} 22. Nde2 {(04:33)} Qe7 {(04:42)} 23. Ng3 {(03:24)}
Kh7 {(06:37)} 24. Nh5 {(03:46)} Bh8 {(01:36)} 25. Qc2 {
(10:06)} Ncd7 {(09:12)} 26. Ba7 {(04:04)} Ra8 {(00:
06)} 27. Bd4 {(00:42)} Rab8 {(01:11)} 28. Qd2 {(01:37)}
Rg8 {(01:20)} 29. Rbd1 {(00:56)} Rbd8 {(00:25)} 30. Qc2 {
(01:30)} Nb8 {(00:07)} 31. Rd2 {(01:52)} Rd7 {(04:
14)} 32. Bb6 {(01:34)} Ng6 {(01:35)} 33. Ne2 {(02:22)} Nc6
{(05:42)} 34. Rfd1 {(00:35)} Rc8 {(02:02)} 35. Bc5 {
(05:23)} Rcd8 {(03:17)} 36. Ba3 {(01:01)} Nce5 {(
00:35)} 37. Qc1 {(07:36)} Qf8 {(00:56)} 38. Bb2 {(04:43)}
Qe7 {(01:04)} 39. Qa1 {(01:06)} Rb8 {(00:51)} 40. Nd4 {
(00:00)} Rbd8 {(00:00)} 41. Qb1 {(16:11)} g4 {(07:
52)} 42. fxg4 {(07:50)} Qh4 {(04:07)} 43. Ng3 {(01:01)}
Qxg4 {(00:56)} 44. Rf1 {(03:40)} Rg8 {(04:57)} 45. Qd1 {
(05:37)} Qxd1 {(10:42)} 46. Rfxd1 {(03:27)} Nf4 {(
03:53)} 47. Nf3 {(03:17)} Nxf3 {(01:20)} 48. gxf3 {(00:01]
} Bxb2 {(00:08)} 49. Rxb2 {(00:01)} f6 {(02:05)} 50. e5 {
(01:55)} fxe5 {(00:34)} 51. Ne4 {(00:09)} Rg6 {(01:
07)} 52. Rxd6 {(00:38)} Rdg7 {(00:17)} 53. Rd1 {(01:53)}
Nh3 {(00:43)} 54. Rbb1 {(00:29)} h5 {(00:04)} 55. b4 {
(00:27)} Kh6 {(01:13)} 56. b5 {(00:42)} axb5 {(00:
21)} 57. axb5 {(00:09)} h4 {(00:46)} 58. c5 {(00:16)} Rg2
{(00:05)} 59. Re1 {(00:08)} Rc2 {(01:03)} 60. Rbc1 {
(00:01)} Rb2 {(00:07)} 61. Rb1 {(00:00)} Ra2 {(00:
06)} 62. Ra1 {(00:03)} Rc2 {(00:03)} 63. Rac1 {(00:06)}
Rd2 {(01:44)} 64. Rcd1 {(00:16)} Rb2 {(00:23)} 65. Rb1 {
(00:02)} Rgg2 {(00:30)} 66. Rxb2 {(00:27)} Rxb2 {(
00:02)} 67. b6 {(01:12)} Rc2 {(00:05)} 68. Rb1 {(01:06)}
Ng5 {(01:20)} 69. Nxg5 {(02:03)} Kxg5 {(00:02)} 70. Rg1+ {
(00:29)} Kf4 {(00:05)} 71. h3 {(00:30)} Rxc5 {(00:
36)} 72. Rg7 {(00:13)} Rb5 {(00:33)} 73. Rxb7 {(00:12)}
Kxf3 {(00:36)} 74. Kg1 {(01:14)} Rb1+ {(00:48)} 75. Kh2 {
(00:01)} Rb2+ {(00:09)} 76. Kg1 {(00:04)} Rb1+ {(
00:53)} 77. Kh2 {(00:01)} e4 {(00:30)} 78. Rf7+ {(02:28)}
Ke2 {(00:02)} 79. b7 {(00:04)} e3 {(00:04)} 80. Re7 {
(00:26)} Kd2 {(00:36)} 81. Rd7+ {(00:21)} Ke1 {(00:
06)} 82. Kg2 {(00:10)} e2 {(00:07)} 83. Rc7 {(00:17)} Kd2
{(00:09)} 84. Rc8 0-1

[Event "42nd Olympiad Baku 2016 Open"]
[Site "Baku"]
[Date "2016.09.06"]
[Round "5.22"]
[White "Pantsulaia, Levan"]
[Black "Anton Guijarro, David"]
[Result "1-0"]
[ECO "A88"]
[WhiteElo "2601"]
[BlackElo "2630"]
[Annotator ""]
[PlyCount "67"]
[EventDate "2016.??.??"]
[EventType "team-tourn"]
[EventCountry "AZE"]
[SourceTitle "playchess.com"]
[Source "ChessBase"]
[WhiteTeam "Georgia"]
[BlackTeam "Spain"]
[WhiteTeamCountry "GEO"]
[BlackTeamCountry "ESP"]
[TimeControl "40/5400+30:1800+30"]

1. Nf3 {(00:00)} f5 {(00:00)} 2. g3 {(00:00)} g6 {(
00:43)} 3. Bg2 {(01:12)} Bg7 {(00:17)} 4. d4 {(00:14)} Nf6
{(00:11)} 5. O-O {(00:10)} O-O {(00:07)} 6. c4 {(
00:19)} d6 {(00:19)} 7. Nc3 {(00:33)} c6 {(00:16)} 8. b3 {
(00:54)} Na6 {(00:45)} 9. Bb2 {(03:13)} Bd7 {(00:
41)} 10. e3 {(08:04)} Nc7 {(08:23)} 11. Rc1 {(13:59)} b5 {
(08:06)} 12. Ne1 {(05:37)} Rb8 {(07:15)} 13. Nd3 {(
05:40)} bxc4 {(17:06)} 14. bxc4 {(00:06)} e5 {(00:40)} 15.
Ba3 {(08:29)} e4 {(01:01)} 16. Bxd6 {(00:13)} exd3 {
(00:08)} 17. Bxf8 {(00:05)} Bxf8 {(01:17)} 18. Qxd3 {
(00:30)} c5 {(00:50)} 19. Rb1 {(00:19)} Rb6 {(01:
23)} 20. Rxb6 {(02:10)} axb6 {(00:08)} 21. Rb1 {(00:04)}
cxd4 {(24:12)} 22. exd4 {(00:30)} Nce8 {(02:57)} 23. Nd5 {
(01:56)} Be6 {(05:04)} 24. Nxb6 {(03:13)} f4 {(00:
07)} 25. Rb3 {(12:54)} Bf5 {(02:25)} 26. Qd1 {(00:13)} Bg4
{(01:59)} 27. Qd2 {(02:08)} f3 {(02:46)} 28. Bf1 {(
00:09)} Ng7 {(02:40)} 29. h3 {(07:20)} Be6 {(01:06)} 30.
Qb2 {(07:02)} Ne4 {(05:46)} 31. Rxf3 {(01:34)} Nf5 {
(01:28)} 32. d5 {(01:52)} Bg7 {(01:54)} 33. Qa3 {(
00:22)} Nd4 {(01:42)} 34. dxe6 {(01:00)} 1-0

[Event "42nd Olympiad Baku 2016 Open"]
[Site "Baku"]
[Date "2016.09.06"]
[Round "5.6"]
[White "Parligras, Mircea-Emilian"]
[Black "Blomqvist, Erik"]
[Result "1/2-1/2"]
[ECO "D25"]
[WhiteElo "2595"]
[BlackElo "2545"]
[Annotator ""]
[PlyCount "61"]
[EventDate "2016.??.??"]
[EventType "team-tourn"]
[EventCountry "AZE"]
[SourceTitle "playchess.com"]
[Source "ChessBase"]
[WhiteTeam "Romania"]
[BlackTeam "Sweden"]
[WhiteTeamCountry "ROU"]
[BlackTeamCountry "SWE"]
[TimeControl "40/5400+30:1800+30"]

1. d4 {(00:00)} d5 {(00:00)} 2. c4 {(00:00)} dxc4 {
(00:00)} 3. e3 {(00:10)} Be6 {(00:04)} 4. Nf3 {(01:
52)} Nf6 {(00:18)} 5. Na3 {(06:27)} Bd5 {(00:22)} 6. Nxc4
{(00:33)} e6 {(00:21)} 7. Be2 {(00:46)} c5 {(00:54]
} 8. dxc5 {(05:45)} Bxc5 {(00:27)} 9. a3 {(00:20)} O-O {
(12:51)} 10. b4 {(00:21)} Be7 {(00:06)} 11. Bb2 {(
00:10)} Nbd7 {(01:46)} 12. O-O {(00:27)} Qb8 {(11:09)} 13.
Qd4 {(06:21)} Rd8 {(04:24)} 14. Qh4 {(07:15)} b6 {(
10:31)} 15. Rac1 {(07:33)} Qb7 {(01:20)} 16. Qg3 {(08:35)}
Nh5 {(02:36)} 17. Qh3 {(00:53)} Nhf6 {(00:15)} 18. Nd4 {
(06:34)} Rac8 {(08:00)} 19. Rfd1 {(01:57)} Nf8 {(
08:27)} 20. Ne5 {(05:47)} Ng6 {(02:00)} 21. Ndf3 {(10:11)}
Ne4 {(08:13)} 22. Nxg6 {(10:33)} hxg6 {(00:08)} 23. Nd4 {
(05:33)} Rxc1 {(05:44)} 24. Rxc1 {(00:07)} Rc8 {(
01:18)} 25. Rxc8+ {(01:02)} Qxc8 {(00:05)} 26. Bd3 {(06:
11)} Bf6 {(10:07)} 27. Qg4 {(00:43)} Nc3 {(02:38)} 28. Ne2
{(00:59)} Be5 {(04:09)} 29. Nxc3 {(01:01)} Bxc3 {(
00:05)} 30. Qe2 {(00:09)} Bxb2 {(00:54)} 31. Qxb2 {(00:10]
} 1/2-1/2

[Event "42nd Olympiad Baku 2016 Open"]
[Site "Baku"]
[Date "2016.09.06"]
[Round "5.10"]
[White "Pasko, Llambi"]
[Black "Zhao, Zong-Yuan"]
[Result "0-1"]
[ECO "A61"]
[WhiteElo "2316"]
[BlackElo "2550"]
[Annotator ""]
[PlyCount "68"]
[EventDate "2016.??.??"]
[EventType "team-tourn"]
[EventCountry "AZE"]
[SourceTitle "playchess.com"]
[Source "ChessBase"]
[WhiteTeam "Albania"]
[BlackTeam "Australia"]
[WhiteTeamCountry "ALB"]
[BlackTeamCountry "AUS"]
[TimeControl "40/5400+30:1800+30"]

1. d4 {(00:00)} Nf6 {(00:00)} 2. c4 {(00:00)} e6 {(
00:00)} 3. Nf3 {(00:00)} c5 {(00:00)} 4. d5 {(00:00)} d6 {
(00:00)} 5. Nc3 {(00:05)} exd5 {(00:00)} 6. cxd5 {(
00:04)} g6 {(00:00)} 7. e4 {(00:06)} a6 {(00:20)} 8. a4 {
(00:06)} Bg4 {(00:04)} 9. Be2 {(00:40)} Bxf3 {(00:
07)} 10. Bxf3 {(00:33)} Nbd7 {(00:09)} 11. O-O {(00:54)}
Bg7 {(00:08)} 12. Be2 {(03:15)} O-O {(00:10)} 13. Qc2 {
(03:43)} Re8 {(02:11)} 14. Re1 {(00:31)} Rb8 {(00:
58)} 15. Bf4 {(04:53)} Qc7 {(05:33)} 16. Bg3 {(09:24)} c4
{(03:21)} 17. f4 {(02:17)} b5 {(02:00)} 18. axb5 {(
02:00)} axb5 {(00:05)} 19. Bf3 {(00:23)} b4 {(15:34)} 20.
Na4 {(01:38)} Nh5 {(07:43)} 21. Bxh5 {(01:29)} gxh5 {
(00:04)} 22. Bf2 {(03:14)} Nf6 {(06:24)} 23. h3 {(
00:51)} Ra8 {(11:31)} 24. Rac1 {(03:16)} Nd7 {(02:25)} 25.
b3 {(02:26)} c3 {(04:41)} 26. Ra1 {(01:49)} Re7 {(
16:47)} 27. Re2 {(12:23)} f5 {(08:56)} 28. e5 {(12:19)}
dxe5 {(00:16)} 29. Qxf5 {(00:06)} Rf8 {(03:36)} 30. Qd3 {
(14:03)} e4 {(00:32)} 31. Rxe4 {(00:34)} Rxe4 {(00:
05)} 32. Qxe4 {(00:03)} Qxf4 {(00:11)} 33. Qe2 {(13:48)}
c2 {(02:45)} 34. Be3 {(00:08)} Bd4 {(00:50)} 0-1

[Event "42nd Olympiad Baku 2016 Open"]
[Site "Baku"]
[Date "2016.09.06"]
[Round "5.7"]
[White "Pazos Gambarrotti, Plinio"]
[Black "Syed Ahmad, Ali"]
[Result "1-0"]
[ECO "E12"]
[WhiteElo "2239"]
[BlackElo "2343"]
[Annotator ""]
[PlyCount "111"]
[EventDate "2016.??.??"]
[EventType "team-tourn"]
[EventCountry "AZE"]
[SourceTitle "playchess.com"]
[Source "ChessBase"]
[WhiteTeam "Ecuador"]
[BlackTeam "Pakistan"]
[WhiteTeamCountry "ECU"]
[BlackTeamCountry "PAK"]
[TimeControl "40/5400+30:1800+30"]

1. d4 {(00:00)} Nf6 {(00:00)} 2. Nf3 {(00:03)} e6 {
(00:00)} 3. c4 {(00:34)} b6 {(00:00)} 4. a3 {(00:
09)} Be7 {(00:40)} 5. Nc3 {(00:10)} Bb7 {(00:01)} 6. d5 {
(00:18)} O-O {(00:20)} 7. e4 {(00:21)} d6 {(00:25)}
8. Bd3 {(01:01)} e5 {(00:14)} 9. O-O {(00:10)} a5 {
(00:35)} 10. h3 {(00:21)} Nbd7 {(00:52)} 11. Be3 {(
00:12)} Nc5 {(00:03)} 12. Bc2 {(00:12)} Nfd7 {(10:22)} 13.
Rb1 {(05:12)} Bc8 {(02:22)} 14. b4 {(01:05)} axb4 {
(00:04)} 15. axb4 {(00:05)} Na6 {(00:21)} 16. Qe2 {
(03:02)} g6 {(10:28)} 17. Bh6 {(06:37)} Re8 {(04:
27)} 18. Bd3 {(01:36)} Bb7 {(04:57)} 19. Be3 {(01:17)} Rf8
{(02:59)} 20. Qc2 {(00:52)} Bc8 {(07:26)} 21. Rb2 {
(09:11)} Re8 {(16:08)} 22. Qe2 {(05:29)} Nab8 {(02:
55)} 23. Rc1 {(01:27)} Rf8 {(00:29)} 24. Qc2 {(01:21)} Kg7
{(10:24)} 25. Qd2 {(02:46)} Kg8 {(09:47)} 26. Bh6 {
(01:51)} Re8 {(00:03)} 27. Rcc2 {(07:13)} Nf8 {(03:
46)} 28. g4 {(03:00)} f6 {(03:22)} 29. Be3 {(00:47)} g5 {
(00:26)} 30. Ra2 {(01:38)} Rxa2 {(01:24)} 31. Rxa2 {
(00:06)} Ng6 {(00:07)} 32. Ra8 {(02:37)} Bb7 {(00:
08)} 33. Ra7 {(00:31)} Qc8 {(00:35)} 34. c5 {(00:22)} bxc5
{(01:27)} 35. bxc5 {(00:09)} dxc5 {(01:06)} 36. Qb2 {
(01:14)} Ba6 {(00:32)} 37. Bxa6 {(00:17)} Nxa6 {(
00:04)} 38. d6 {(00:07)} cxd6 {(08:24)} 39. Qa2+ {(00:16)}
c4 {(00:14)} 40. Qxa6 {(00:00)} Kf8 {(00:00)} 41. Qxc8 {
(01:26)} Rxc8 {(14:13)} 42. Nd2 {(00:07)} Ke8 {(06:
27)} 43. Ra4 {(00:17)} Nf8 {(01:30)} 44. Nxc4 {(02:33)}
Ne6 {(04:28)} 45. Nb5 {(01:57)} Rc6 {(00:50)} 46. Ra8+ {
(02:56)} Kf7 {(00:39)} 47. Ra7 {(00:23)} Kf8 {(00:
49)} 48. Nb6 {(01:19)} Nf4 {(00:28)} 49. Nd5 {(00:31)} Ng6
{(02:11)} 50. Nbc7 {(01:21)} Rc4 {(00:24)} 51. Nxe7 {
(00:49)} Nxe7 {(00:05)} 52. Nd5 {(00:09)} Nxd5 {(
01:44)} 53. exd5 {(00:05)} Ke8 {(00:11)} 54. Rxh7 {(00:16]
} Rc3 {(00:02)} 55. Kg2 {(01:12)} Rd3 {(00:03)} 56. Kf3 {
(00:07)} 1-0

[Event "42nd Olympiad Baku 2016 Open"]
[Site "Baku"]
[Date "2016.09.06"]
[Round "5.5"]
[White "Peralta, Fernando"]
[Black "Iturrizaga Bonelli, Eduardo"]
[Result "0-1"]
[ECO "E52"]
[WhiteElo "2590"]
[BlackElo "2650"]
[Annotator ""]
[PlyCount "118"]
[EventDate "2016.??.??"]
[EventType "team-tourn"]
[EventCountry "AZE"]
[SourceTitle "playchess.com"]
[Source "ChessBase"]
[WhiteTeam "Argentina"]
[BlackTeam "Venezuela"]
[WhiteTeamCountry "ARG"]
[BlackTeamCountry "VEN"]
[TimeControl "40/5400+30:1800+30"]

1. d4 {(00:00)} Nf6 {(00:00)} 2. c4 {(00:00)} e6 {(
00:00)} 3. Nc3 {(00:00)} Bb4 {(00:00)} 4. e3 {(00:00)} O-O
{(00:09)} 5. Bd3 {(00:23)} d5 {(00:27)} 6. Nf3 {(
00:50)} b6 {(09:15)} 7. a3 {(01:17)} Bxc3+ {(06:53)} 8.
bxc3 {(00:31)} Ba6 {(07:14)} 9. cxd5 {(00:20)} Bxd3 {
(00:06)} 10. Qxd3 {(00:07)} Qxd5 {(00:09)} 11. c4 {
(03:47)} Qe4 {(02:54)} 12. Qxe4 {(05:33)} Nxe4 {(
01:39)} 13. Nd2 {(00:58)} Nxd2 {(23:12)} 14. Bxd2 {(04:55]
} Nd7 {(00:32)} 15. Ke2 {(10:51)} c5 {(02:10)} 16. a4 {
(11:14)} Rac8 {(05:45)} 17. Rhc1 {(05:15)} Rc7 {(
09:18)} 18. a5 {(05:08)} Rfc8 {(00:51)} 19. axb6 {(00:18)}
axb6 {(00:45)} 20. f3 {(13:20)} cxd4 {(06:34)} 21. exd4 {
(00:07)} f6 {(00:02)} 22. Be3 {(24:42)} Rxc4 {(01:
01)} 23. Rxc4 {(00:04)} Rxc4 {(00:03)} 24. Ra7 {(00:07)}
Nf8 {(00:16)} 25. Rb7 {(01:13)} Rc6 {(05:14)} 26. Bd2 {
(03:30)} h5 {(01:12)} 27. Rb8 {(01:30)} Kf7 {(00:
13)} 28. Rb7+ {(00:13)} Kg6 {(00:33)} 29. h4 {(03:51)} Kh7
{(00:23)} 30. Kd3 {(02:32)} Ng6 {(03:35)} 31. g3 {(
00:03)} e5 {(11:15)} 32. Bc3 {(01:40)} Rd6 {(01:16)} 33.
Ke3 {(00:29)} Rc6 {(02:31)} 34. Kd3 {(00:09)} exd4 {
(00:50)} 35. Bxd4 {(00:07)} Ne5+ {(00:40)} 36. Bxe5 {
(02:18)} fxe5 {(00:02)} 37. Ke4 {(00:37)} Rg6 {(00:
38)} 38. f4 {(00:25)} exf4 {(00:51)} 39. gxf4 {(00:01)}
Rc6 {(00:27)} 40. f5 {(00:00)} Kh6 {(00:00)} 41. Kd5 {
(15:12)} Rc5+ {(03:10)} 42. Ke6 {(00:11)} b5 {(02:
39)} 43. Rb8 {(00:48)} Kh7 {(00:17)} 44. Rb7 {(00:38)} Rc4
{(06:36)} 45. Rxb5 {(01:03)} Re4+ {(06:04)} 46. Kd5 {
(11:41)} Rxh4 {(00:07)} 47. Ke5 {(00:01)} Rg4 {(02:
57)} 48. Rb6 {(02:22)} h4 {(02:47)} 49. f6 {(00:03)} gxf6+
{(00:04)} 50. Kf5 {(03:29)} Rg5+ {(00:08)} 51. Kf4 {
(00:04)} h3 {(00:59)} 52. Rb2 {(01:25)} Kg6 {(02:
00)} 53. Rh2 {(00:35)} Rh5 {(00:25)} 54. Kg3 {(00:31)} Kg5
{(00:22)} 55. Kf3 {(00:29)} f5 {(01:21)} 56. Kg3 {(
00:28)} f4+ {(02:13)} 57. Kf3 {(00:20)} Rh8 {(00:06)} 58.
Rh1 {(00:37)} h2 {(00:09)} 59. Kg2 {(00:36)} Kg4 {(
00:04)} 0-1

[Event "42nd Olympiad Baku 2016 Open"]
[Site "Baku"]
[Date "2016.09.06"]
[Round "5.7"]
[White "Perez Ponsa, Federico"]
[Black "Palencia Morales, Wilson Guillermo"]
[Result "1-0"]
[ECO "C18"]
[WhiteElo "2585"]
[BlackElo "2378"]
[Annotator ""]
[PlyCount "183"]
[EventDate "2016.??.??"]
[EventType "team-tourn"]
[EventCountry "AZE"]
[SourceTitle "playchess.com"]
[Source "ChessBase"]
[WhiteTeam "Argentina"]
[BlackTeam "Venezuela"]
[WhiteTeamCountry "ARG"]
[BlackTeamCountry "VEN"]
[TimeControl "40/5400+30:1800+30"]

1. e4 {(00:00)} e6 {(00:00)} 2. d4 {(00:06)} d5 {(
00:08)} 3. Nc3 {(00:06)} Bb4 {(00:23)} 4. e5 {(00:25)} c5
{(00:37)} 5. a3 {(00:43)} Bxc3+ {(00:10)} 6. bxc3 {
(00:05)} Qc7 {(00:19)} 7. Qg4 {(01:16)} Ne7 {(00:
24)} 8. Bd3 {(01:07)} c4 {(01:03)} 9. Be2 {(00:29)} Rg8 {
(03:42)} 10. Bd1 {(09:12)} Bd7 {(04:32)} 11. Ne2 {(
02:01)} Nbc6 {(01:46)} 12. O-O {(01:26)} O-O-O {(05:42)}
13. a4 {(05:46)} f6 {(02:44)} 14. f4 {(01:23)} Nf5 {
(05:33)} 15. Ng3 {(07:40)} h6 {(19:50)} 16. Nxf5 {(
04:03)} exf5 {(00:07)} 17. Qg6 {(07:30)} Ne7 {(04:14)} 18.
Qh5 {(02:14)} fxe5 {(14:37)} 19. fxe5 {(00:12)} Kb8 {
(01:27)} 20. Ba3 {(14:48)} Nc8 {(01:08)} 21. Qg6 {(
03:29)} Qc6 {(17:29)} 22. Bh5 {(01:17)} Be6 {(12:29)} 23.
Bd6+ {(14:13)} Nxd6 {(02:04)} 24. Qxe6 {(00:04)} Nc8 {
(00:14)} 25. Qxc6 {(01:12)} bxc6 {(00:06)} 26. Bf7 {
(00:07)} Rgf8 {(00:07)} 27. Rxf5 {(00:18)} Ne7 {(
00:29)} 28. Rf3 {(00:23)} Kc7 {(00:10)} 29. Raf1 {(02:38)}
Rb8 {(00:42)} 30. Bxd5 {(01:59)} Rxf3 {(01:11)} 31. Bxf3 {
(00:05)} Kd7 {(01:10)} 32. Bg4+ {(01:05)} Ke8 {(00:
04)} 33. Be6 {(00:20)} Rb2 {(00:42)} 34. Bxc4 {(06:58)}
Rxc2 {(00:12)} 35. Rf3 {(00:30)} Nd5 {(00:37)} 36. Bxd5 {
(05:19)} cxd5 {(00:03)} 37. e6 {(01:48)} Ke7 {(01:
26)} 38. Rf7+ {(00:45)} Kxe6 {(00:05)} 39. Rxg7 {(01:33)}
Rxc3 {(00:34)} 40. Rxa7 {(00:00)} Rd3 {(00:00)} 41. Ra6+ {
(05:14)} Kf5 {(01:22)} 42. Rxh6 {(00:15)} Rxd4 {(
00:33)} 43. a5 {(00:18)} Rd1+ {(00:49)} 44. Kf2 {(00:05)}
Rd2+ {(00:13)} 45. Kf3 {(00:16)} Rd3+ {(00:33)} 46. Kf2 {
(05:34)} Ra3 {(00:37)} 47. a6 {(00:06)} Kf4 {(02:
51)} 48. g3+ {(04:02)} Ke4 {(00:11)} 49. h4 {(04:04)} Ra2+
{(00:20)} 50. Ke1 {(00:18)} d4 {(00:46)} 51. h5 {(
00:42)} d3 {(00:48)} 52. Re6+ {(01:14)} Kd4 {(05:51)} 53.
Rd6+ {(18:08)} Ke3 {(00:37)} 54. Re6+ {(00:02)} Kd4 {
(00:08)} 55. h6 {(01:22)} Ra1+ {(00:41)} 56. Kd2 {(
00:01)} Ra2+ {(03:40)} 57. Ke1 {(00:03)} Ra1+ {(00:23)}
58. Kd2 {(02:07)} Ra2+ {(00:13)} 59. Kc1 {(00:05)} Ra1+ {
(14:31)} 60. Kb2 {(00:01)} d2 {(00:06)} 61. h7 {(
00:19)} Rb1+ {(01:25)} 62. Ka3 {(00:01)} Rb8 {(04:58)} 63.
Rd6+ {(01:04)} Kc3 {(00:08)} 64. g4 {(01:32)} Ra8 {
(01:10)} 65. Rc6+ {(00:27)} Kd4 {(00:37)} 66. Rd6+ {
(00:18)} Kc3 {(00:05)} 67. Rc6+ {(00:13)} Kd4 {(00:
01)} 68. Kb2 {(01:02)} Kd5 {(00:24)} 69. Kc2 {(00:16)}
Kxc6 {(00:09)} 70. g5 {(00:00)} Rd8 {(01:48)} 71. Kd1 {
(00:01)} Rh8 {(00:40)} 72. g6 {(00:03)} Kb6 {(00:
08)} 73. g7 {(00:39)} Rxh7 {(00:04)} 74. g8=Q {(00:05)}
Ra7 {(00:27)} 75. Qb8+ {(01:21)} Kxa6 {(00:07)} 76. Kxd2 {
(00:04)} Rb7 {(00:09)} 77. Qa8+ {(00:06)} Kb6 {(00:
06)} 78. Kc3 {(00:21)} Rd7 {(00:18)} 79. Kc4 {(00:16)}
Rc7+ {(00:11)} 80. Kb4 {(00:09)} Rb7 {(00:07)} 81. Qd8+ {
(00:18)} Kc6+ {(00:06)} 82. Kc4 {(00:06)} Rc7 {(00:
05)} 83. Qf6+ {(00:12)} Kd7+ {(00:40)} 84. Kd5 {(00:02)}
Kc8 {(00:20)} 85. Qf4 {(00:59)} Kb7 {(00:33)} 86. Kd6 {
(00:19)} Rc6+ {(00:42)} 87. Kd7 {(00:04)} Rb6 {(00:
23)} 88. Qe4+ {(00:09)} Kb8 {(00:49)} 89. Qd5 {(00:30)}
Rb7+ {(01:34)} 90. Kc6 {(00:05)} Ka7 {(00:30)} 91. Qa2+ {
(00:44)} Kb8 {(00:08)} 92. Qa5 {(00:11)} 1-0

[Event "42nd Olympiad Baku 2016 Open"]
[Site "Baku"]
[Date "2016.09.06"]
[Round "5.6"]
[White "Pesqueira, Jose"]
[Black "Soriano, Rudolph P"]
[Result "0-1"]
[ECO "D96"]
[WhiteElo "1889"]
[BlackElo "1787"]
[Annotator ""]
[PlyCount "124"]
[EventDate "2016.??.??"]
[EventType "team-tourn"]
[EventCountry "AZE"]
[SourceTitle "playchess.com"]
[Source "ChessBase"]
[WhiteTeam "ARU"]
[BlackTeam "GUM"]
[TimeControl "40/5400+30:1800+30"]

1. d4 {(00:00)} d5 {(00:00)} 2. c4 {(00:00)} c6 {(
00:00)} 3. Nf3 {(00:00)} Nf6 4. Nc3 {(00:12)} g6 {(00:16)}
5. Bf4 {(02:21)} Bg7 {(00:23)} 6. e3 {(01:09)} O-O {
(00:13)} 7. h3 {(02:00)} Nbd7 {(01:45)} 8. Be2 {(
05:19)} dxc4 {(01:03)} 9. Bxc4 {(00:11)} Nb6 {(00:09)} 10.
Bd3 {(04:18)} Be6 {(00:51)} 11. O-O {(01:42)} Bc4 {
(00:40)} 12. Bxc4 {(05:53)} Nxc4 {(00:24)} 13. Qe2 {
(00:06)} Nd6 {(01:06)} 14. e4 {(04:33)} Nc8 {(00:
42)} 15. Rfd1 {(02:23)} Nb6 {(08:03)} 16. Rac1 {(02:43)}
Nh5 {(01:28)} 17. Be3 {(06:25)} Nf6 {(02:34)} 18. b3 {
(08:10)} e6 {(00:51)} 19. Qd2 {(04:22)} Re8 {(02:
09)} 20. Bg5 {(07:54)} Qb8 {(00:16)} 21. a4 {(30:29)} a5 {
(01:17)} 22. Qe3 {(00:55)} Ra6 {(00:23)} 23. Qd2 {(
01:54)} Nbd7 {(02:37)} 24. e5 {(00:36)} Nd5 {(01:45)} 25.
Ne4 {(00:38)} Qa8 {(04:08)} 26. Nd6 {(00:26)} Rf8 27. Bh6
{(02:23)} Rb6 {(04:11)} 28. Bxg7 {(00:14)} Kxg7 {(
00:10)} 29. Qd3 {(02:32)} Qd8 {(00:45)} 30. Qc2 {(03:22)}
Nb4 {(00:46)} 31. Qe2 {(01:08)} Nd5 {(00:19)} 32. Qc2 {
(00:08)} Rb4 {(00:27)} 33. Rd3 {(00:34)} Nf4 {(00:
18)} 34. Rd2 {(01:18)} h6 {(00:10)} 35. Qe4 {(00:28)} Nd5
{(00:38)} 36. Rd3 {(00:15)} Qe7 {(00:21)} 37. Qe1 {
(00:33)} Nf4 38. Rdc3 {(00:13)} Nb6 {(00:36)} 39. Qd1 {
(00:00)} Nbd5 40. Rc4 Kh7 {(00:00)} 41. Kh2 {(02:20)} f5 {
(03:40)} 42. g3 {(01:52)} Nh5 {(01:07)} 43. Rc5 {(
03:11)} Ra8 {(01:36)} 44. Qd3 {(07:00)} Ng7 {(00:55)} 45.
Nc4 {(07:36)} Qd8 46. Ne1 {(01:56)} Qg5 {(11:21)} 47. Rd1
{(00:36)} f4 {(00:37)} 48. g4 {(04:45)} f3 {(09:09]
} 49. Nxf3 {(00:27)} Qf4+ {(00:21)} 50. Kg2 {(00:03)} Rf8
{(03:02)} 51. Rd2 {(01:02)} h5 {(01:27)} 52. Nh4 {(
05:53)} Qf7 {(00:22)} 53. Nd6 {(00:21)} Nf4+ {(00:26)} 54.
Kf1 {(01:12)} Nxd3 {(01:37)} 55. Nxf7 {(00:02)} Nxc5 {
(00:19)} 56. Ng5+ {(01:22)} Kh6 {(00:06)} 57. Ngf3 {
(00:26)} Nxb3 {(00:23)} 58. Rd3 {(00:31)} g5 {(01:
18)} 59. Ng2 {(00:14)} Rxf3 {(00:51)} 60. Rxf3 Nd2+ {(00:
19)} 61. Ke2 {(00:35)} Nxf3 {(00:32)} 62. Kxf3 {(00:02)}
Rxd4 {(00:24)} 0-1